 Dungeon Crawl Stone Soup version 0.30-a0-223-gcb0039aa0c (webtiles) character file.

Game seed: 15959953633899892962

100 rogsnak the Shooter (level 4, 0/34 HPs)
             Began as a Barachi Hunter on Oct 9, 2022.
             Slain by a gnoll
             ... wielding a +0 whip
              (4 damage)
             ... on level 3 of the Dungeon.
             The game lasted 00:04:06 (1987 turns).

rogsnak the Shooter (Barachi Hunter)                Turns: 1987, Time: 00:04:06

Health: 0/34       AC:  3    Str: 12    XL:     4   Next: 73%
Magic:  4/4        EV: 12    Int: 10    God:
Gold:   168        SH:  0    Dex: 17    Spells: 3/3 levels left

rFire   + . .      SeeInvis .    a - +0 shortbow
rCold   . . .      Faith    .    (shield currently unavailable)
rNeg    . . .      Spirit   .    c - +0 leather armour
rPois   .          Reflect  .    (no helmet)
rElec   .          Harm     .    (no cloak)
rCorr   .          Rampage  .    (no gloves)
Will    .....                    (no boots)
Stlth   ++........               (no amulet)
HPRegen 0.25/turn                q - ring of protection from fire
MPRegen 0.09/turn                (no ring)

@: slow
A: amphibious, slowness 1, strong legs 1, +LOS
a: Hop


You were on level 3 of the Dungeon.
You visited 1 branch of the dungeon, and saw 3 of its levels.

You collected 168 gold pieces.

Inventory:

Hand Weapons
 a - a +0 shortbow (weapon)
 f - a +0 spear
Missiles
 d - 51 stones
Armour
 c - a +0 leather armour (worn)
Jewellery
 q - a ring of protection from fire (left hand)
Scrolls
 b - 2 scrolls of immolation
 g - a scroll of fear {unknown}
 i - a scroll of teleportation {unknown}
 j - a scroll of brand weapon {unknown}
 m - 2 scrolls of blinking {unknown}
 n - 3 scrolls of identify {unknown}
 r - a scroll of enchant armour {unknown}
Potions
 e - 2 potions of lignification {unknown}
 h - a potion of degeneration {unknown}
 k - a potion of resistance {unknown}
 l - a potion of heal wounds {unknown}
 o - a potion of haste {unknown}
 p - a potion of invisibility {unknown}
 s - a potion of brilliance {unknown}


   Skills:
 + Level 2.7 Fighting
 + Level 5.5 Ranged Weapons
 + Level 1.5 Armour
 + Level 2.4 Dodging
 - Level 1.0 Stealth


You had 3 spell levels left.
You didn't know any spells.
Your spell library contained the following spells:

 Spells                   Type           Power      Damage    Failure   Level
 Necrotise                Necr           0%         1d4       43%         1
 Sublimation of Blood     Necr           0%         N/A       58%         2
 Vampiric Draining        Necr           0%         2d6       82%         3
 Petrify                  Tmut/Erth      0%         N/A       99%         4
 Agony                    Necr           0%         N/A       100%        5
 Irradiate                Conj/Tmut      0%         3d11      100%        5


Dungeon Overview and Level Annotations

Branches:
Dungeon (3/15)

Altars:

Shops:
D:3 ?


Innate Abilities, Weirdness & Mutations

You are amphibious.
You cover ground slowly.
You can hop short distances.
You have an extended range of vision and can be seen from far away.


Message History

The gnoll hits you from afar with a +0 spear.
Unknown command.
You shoot an arrow. The arrow hits the gnoll.
The gnoll is lightly wounded.
The gnoll hits you with a +0 club. The gnoll closely misses you.
The gnoll misses you. The gnoll closely misses you.
You shoot an arrow. The arrow hits the gnoll.
The gnoll is moderately wounded.
The gnoll hits you from afar with a +0 spear.
The gnoll hits you with a +0 club.
You shoot an arrow. The arrow barely misses the gnoll.
The arrow closely misses the gnoll.
The gnoll barely misses you.
You shoot an arrow. The arrow hits the gnoll.
The gnoll is heavily wounded.
The gnoll barely misses you. The gnoll hits you with a +0 club.
You are too injured to fight recklessly!
You are too injured to fight recklessly!
You are too injured to fight recklessly!
You are too injured to fight recklessly!
Unknown command.
You shoot an arrow. The arrow barely misses the gnoll.
The arrow closely misses the gnoll.
The arrow hits the gnoll but does no damage.
The gnoll closely misses you.
You shoot an arrow. The arrow hits the gnoll.
The gnoll is severely wounded.
The gnoll barely misses you.
You shoot an arrow. The arrow completely misses the gnoll.
The arrow hits the gnoll!
The gnoll is heavily wounded.
The gnoll barely misses you. The gnoll hits you with a +0 club.
You shoot an arrow. The arrow hits the gnoll!
You kill the gnoll!
You shoot an arrow. The arrow closely misses the gnoll. x2
The gnoll hits you with a +0 whip!
* * * LOW HITPOINT WARNING * * *
You shoot an arrow. The arrow hits the gnoll.
The gnoll is almost dead.
The gnoll hits you with a +0 whip.
You die...

#.......# ...#
#. #.......#
...# #.
#.......# ...#
#. #. #####'####
...# #. #.
#.....# ...# #.#
#. #.##### ...#
#.# #. #.# ...#
#.# #.
#.##########...#
#.###.
#........@glg..#
###.#...
############...#
#.....#. ##.#
#.....)< #
#....##.
#.######....g
#............
#..........g.
#..........)#
#............


You could see 2 gnolls and a frilled lizard.

Vanquished Creatures
  Robin (D:3)
  A gnoll (D:3)
  3 adders
  3 bats
  3 endoplasms
  6 giant cockroaches
  9 goblins
  6 hobgoblins
  8 kobolds
  2 ball pythons (D:2)
  2 frilled lizards
  4 rats
48 creatures vanquished.

Notes
Turn   | Place    | Note
-------+----------+-------------------------------------------
     0 | D:1      | rogsnak the Barachi Hunter began the quest for the Orb.
     0 | D:1      | Reached XP level 1. HP: 17/17 MP: 1/1
   329 | D:1      | Reached XP level 2. HP: 23/23 MP: 2/2
   338 | D:1      | Found a faded altar of an unknown god.
   454 | D:1      | Reached skill level 1 in Stealth
   813 | D:2      | Reached skill level 1 in Armour
   813 | D:2      | Reached XP level 3. HP: 28/28 MP: 3/3
  1634 | D:3      | Noticed Robin
  1645 | D:3      | Reached skill level 5 in Ranged Weapons
  1645 | D:3      | Reached XP level 4. HP: 34/34 MP: 4/4
  1812 | D:3      | Found Otsusuh's Magic Scroll Shoppe.
  1836 | D:3      | Killed Robin
  1987 | D:3      | Slain by a gnoll

Illustrated notes

Levels and vault maps discovered:
D:1:      dpeg_arrival_leaves_temple_mockup, layout_basic,
          hellmonk_ecumenical_altar_lost_god, minmay_misc_feat_secret_circle
D:2:      layout_basic, bh_walls_and_bars
D:3:      layout_basic, general_overflow_altar, serial_shops, shop,
          kennysheep_generic_room_8, uniq_robin

Skill      XL: |  1  2  3 |
---------------+----------+-----
Stealth        | 1 |  1.0
Armour         | 1 |  1.5
Ranged Weapons | 5 |  5.5
Fighting       | |  2.7
Dodging        | |  2.4

Action                   |  1- 3 |  4- 6 || total
-------------------------+-------+-------++-------
Melee: Spear             |    14 |       ||    14
       Punch             |     1 |       ||     1
 Fire: Shortbow          |    79 |    39 ||   118
 Stab: Sleeping          |     1 |       ||     1
Armor: Leather armour    |    12 |     1 ||    13
Dodge: Dodged            |    13 |    16 ||    29

Table legend: (Time is in decaauts)
 A = Elapsed time spent in this place.
 B = Non-inter-level travel time spent in this place.
 C = Inter-level travel time spent in this place.
 D = Time resting spent in this place.
 E = Time spent auto-exploring this place.
 F = Levels seen in this place.
 G = Mean time per level.
                   A        B        C        D        E       F      G
               +--------+--------+--------+--------+--------+-----+--------+
         Total |   2341 |   2295 |     46 |    110 |   1688 |   3 |  780.3 |
       Dungeon |   2341 |   2295 |     46 |    110 |   1688 |   3 |  780.3 |
               +--------+--------+--------+--------+--------+-----+--------+

Top non-repeatable levels by time:
     D:2: 1021 daAuts
     D:1: 924 daAuts
     D:3: 395 daAuts
